 Dungeon Crawl Stone Soup version 0.21.1-1-g345015f (webtiles) character file.

36346 kae the Martial Artist (level 13, 0/101 HPs)
             Began as a Gnoll Transmuter on May 31, 2018.
             Was the Champion of Okawaru.
             Slain by a sea snake (15 damage)
             ... on level 5 of the Lair of Beasts.
             The game lasted 00:33:23 (19171 turns).

kae the Martial Artist (Gnoll Transmuter)          Turns: 19171, Time: 00:33:24

Health: 0/101      AC: 12    Str: 14    XL:     13   Next: 89%
Magic:  31/35      EV: 24    Int: 20    God:    Okawaru [******]
Gold:   958        SH:  0    Dex: 19    Spells: 6/31 levels left

rFire    x . .     SeeInvis +     - Unarmed
rCold    + . .     Gourm    .   (shield currently unavailable)
rNeg     . . .     Faith    .   R - +2 troll leather armour {Snorg}
rPois    .         Spirit   .   h - +0 helmet
rElec    +         Reflect  .   g - +1 cloak of Vaps {rElec Regen+}
rCorr    .         Harm     .   (gloves currently unavailable)
MR       .....                  (no boots)
Stlth    ++++++....             (no amulet)
HPRegen  1.06/turn              f - ring of magical power
MPRegen  0.24/turn              U - ring of Attitude {Ice Int+4 SInv}

@: lethally poisoned (0 -> -16), blade hands (expiring), heroism, studying 2
skills
A: distributed training, fangs 1, strong nose
a: End Transformation, Heroism, Finesse, Renounce Religion


You were on level 5 of the Lair of Beasts.
You worshipped Okawaru.
Okawaru was exalted by your worship.
You were not hungry.
You had blades for hands.
You visited 3 branches of the dungeon, and saw 18 of its levels.
You also visited: Labyrinth.

You collected 1036 gold pieces.
You spent 78 gold pieces at shops.

Inventory:

Hand Weapons
 B - the +7 flail "Jiat" (melded) {crush, +Inv rF+ rC- Stlth+}
   (You found it in a labyrinth)

   It inflicts extra damage upon your enemies.
   It protects you from fire.
   It makes you vulnerable to cold.
   It lets you turn invisible.
   It makes you more stealthy.
Missiles
 a - 436 arrows
Armour
 g - the +1 cloak of Vaps (worn) {rElec Regen+}
   (You found it on level 10 of the Dungeon)

   It insulates you from electricity.
   It increases your rate of regeneration.
 h - a +0 helmet (worn)
 i - a +0 buckler (melded)
 A - a +0 cloak of poison resistance
 C - a +1 pair of gloves of archery
 I - a cursed +0 pair of gloves (melded)
 R - a +2 troll leather armour (worn) {Snorg}
Jewellery
 b - an uncursed ring of resist corrosion
 f - a ring of magical power (left scythe-like blade)
 m - a +4 ring of protection {unknown}
 n - an uncursed ring of protection from fire
 p - an uncursed ring of wizardry
 q - an uncursed ring of flight
 u - a +4 ring of strength
 E - an uncursed ring of protection from fire
 M - an uncursed ring of wizardry
 O - an uncursed ring of protection from cold
 U - the ring of Attitude (right scythe-like blade) {Ice Int+4 SInv}
   (You acquired it on level 2 of the Lair of Beasts)

   [ring of ice]

   It enhances your ice magic.
   It affects your intelligence (+4).
   It makes you vulnerable to fire.
   It protects you from cold.
   It lets you see invisible.
Wands
 c - a wand of acid (8)
 t - a wand of iceblast (17)
 v - a wand of clouds (5)
 y - a wand of random effects (31)
 P - a wand of paralysis (13)
Scrolls
 k - 8 scrolls of teleportation
 o - 2 scrolls of enchant weapon
 D - 9 scrolls of remove curse
 H - a scroll of amnesia
 K - 3 scrolls of torment {unknown}
 L - a scroll of identify
 T - 2 scrolls of fog
Potions
 j - 3 potions of brilliance
 l - 2 potions of might
 r - a potion of flight
 s - 5 potions of heal wounds
 w - 3 potions of curing
 x - 2 potions of agility
 z - 2 potions of mutation
 F - 3 potions of ambrosia
 G - a potion of berserk rage
 J - a potion of magic
 N - a potion of invisibility
 V - 2 potions of lignification
 X - 2 potions of haste {unknown}
Books
 Q - a manual of Hexes
 Z - a manual of Maces & Flails
Comestibles
 d - 28 rations
 S - 6 chunks of flesh


   Skills:
 + Level 9.0(14.0) Fighting
 + Level 8.5(13.5) Short Blades
 + Level 8.5(13.5) Long Blades
 + Level 8.5(13.5) Axes
 + Level 9.0(14.0) Maces & Flails
 + Level 8.5(13.5) Polearms
 + Level 8.5(13.5) Staves
 + Level 8.5(13.5) Slings
 + Level 8.5(13.5) Bows
 + Level 8.5(13.5) Crossbows
 + Level 8.5(13.5) Throwing
 + Level 8.5(13.5) Armour
 + Level 9.7(14.7) Dodging
 + Level 8.5(13.5) Stealth
 + Level 8.5(13.5) Shields
 + Level 10.7(15.7) Unarmed Combat
 + Level 9.9 Spellcasting
 + Level 7.1 Conjurations
 + Level 9.4 Hexes
 + Level 7.1 Charms
 + Level 7.1 Summonings
 + Level 7.1 Necromancy
 + Level 7.1 Translocations
 + Level 8.1 Transmutations
 + Level 7.1 Fire Magic
 + Level 7.1 Ice Magic
 + Level 7.1 Air Magic
 + Level 7.1 Earth Magic
 + Level 7.1 Poison Magic
 + Level 9.3 Invocations
 + Level 8.5 Evocations


You had 6 spell levels left.
You knew the following spells:

 Your Spells              Type           Power        Failure   Level  Hunger
a - Beastly Appendage     Tmut           #####.       10%         1    None
b - Sticks to Snakes      Tmut           #####...     11%         2    None
c - Spider Form           Tmut/Pois      #####.....   16%         3    None
d - Blade Hands           Tmut           #####.....   41%         5    #####..
e - Ice Form              Ice/Tmut       ######..     26%         4    ##.....
f - Lee's Rapid Deconstr  Erth           #####.....   50%         5    #####..
g - Yara's Violent Unrav  Hex/Tmut       #####.....   36%         5    #####..


Dungeon Overview and Level Annotations

Branches:
Dungeon (11/15)            Temple (1/1) D:5            Lair (6/6) D:11
 Shoals (0/4) Lair:3       Spider (0/4) Lair:4        Slime (0/5) Lair:5
    Orc (0/2) D:11

Altars:
Ashenzari
Cheibriados
Dithmenos
Elyvilon
Fedhas
Gozag
Hepliaklqana
Kikubaaqudgha
Makhleb
Okawaru
Qazlal
Ru
Sif Muna
Trog
Uskayaw
Vehumet
Wu Jian
Xom
Yredelemnul
Zin
The Shining One

Shops:
D:11 !

Annotations:
D:2 Sigmund


Innate Abilities, Weirdness & Mutations

Your experience applies equally to all skills.
You have very sharp teeth.
Your uncanny sense of smell can sniff out nearby items.


Message History

The sea snake barely misses you. The elephant completely misses you.
The elephant trunk-slaps you but does no damage.
You feel much better.
Your transformation is almost over.
* * * LOW HITPOINT WARNING * * *
You feel extremely sick. The sea snake misses you.
The elephant barely misses you. The elephant trunk-slaps you.
* * * LOW HITPOINT WARNING * * *
You feel better. The sea snake bites you!
* * * LOW HITPOINT WARNING * * *
You are lethally poisoned!
The sea snake poisons you! The elephant closely misses you.
The elephant trunk-slaps you but does no damage.
You slice the sea snake!! Your slash misses the sea snake.
The sea snake is almost dead.
* * * LOW HITPOINT WARNING * * *
You feel very sick. The sea snake bites you!
You die...

≈PP≈............................#
.................................
...............................<.
##..#.....#.P.........P...P#.#...
####....#####.#.......##..####...
.###.....#####..........#.##.....
..#.#...P##..+........#..........
...#..(.)##...#Y%†.........#.....
...##...#..#.##†@S......?.#..#...
'###.....#######.......######...#
..###.....#####PPP......####.#...
....#..........PP................
................PP...............
#.#..#...#...######...###.P...###
##.#.##P##P..# ######..##P##
############# #######


You could see an elephant and a sea snake.

Vanquished Creatures
  Gastronok (Lair:1)
  A minotaur (Lab)
  Snorg (D:11)
  A hydra (Lair:2)
  5 two-headed ogres
  3 death yaks (D:10)
  Nergalle (D:11)
  A sea snake (Lair:6)
  Pikel (D:6)
  2 ugly things (D:11)
  5 elephants (Lair:5)
  9 spiny frogs
  Joseph (Lair:1)
  A rime drake (Lair:5)
  2 komodo dragons
  A minotaur zombie (Lab)
  2 wind drakes (Lair:5)
  2 jumping spiders (Lair:4)
  A hornet (Lair:5)
  A polar bear (Lair:5)
  A slime creature (D:10)
  A dream sheep (Lair:6)
  5 hippogriffs
  5 blink frogs
  A redback (Lair:4)
  30 yaks
  A shadow (D:11)
  2 wyverns
  2 hungry ghosts
  7 porcupines
  7 water moccasins
  2 black bears
  An orc warrior (D:9)
  2 ice beasts (D:5)
  5 sky beasts
  A slave (D:6)
  An eye of draining (D:8)
  15 wolves
  3 ogres
  3 phantoms
  8 crocodiles
  12 centaurs
  4 big kobolds
  14 bullfrogs
  2 water moccasin zombies
  7 scorpions
  A wyvern skeleton (D:11)
  19 killer bees
  3 wights (D:11)
  A howler monkey (D:9)
  4 electric eels
  4 crimson imps
  A gnoll shaman (D:4)
  5 hounds
  A bullfrog zombie (D:9)
  A centaur zombie (D:10)
  2 centaur skeletons
  10 jellies
  5 orc priests
  9 orc wizards
  Crazy Yiuf (D:7)
  2 bullfrog skeletons
  2 iguanas
  Jessica (D:2)
  Natasha (twice) (D:4)
  A hell rat (D:11)
  12 worker ants
  A hound zombie (D:5)
  A hound skeleton (D:4)
  4 worker ant zombies
  A howler monkey skeleton (D:10)
  14 adders
  10 gnolls
  A shadow imp (D:11)
  19 oozes
  2 adder zombies
  An adder skeleton (D:6)
  A worm (D:2)
  2 dart slugs
  4 leopard geckos
  30 orcs
  5 giant cockroaches
  7 goblins
  7 hobgoblins
  10 jackals
  7 quokkas
  A ball python (D:4)
  10 bats
  14 frilled lizards
  27 kobolds
  11 rats
461 creatures vanquished.

Vanquished Creatures (others)
  7 fungi
  4 plants
11 creatures vanquished.

Grand Total: 472 creatures vanquished

Notes
Turn   | Place    | Note
-------+----------+-------------------------------------------
     0 | D:1      | kae the Gnoll Transmuter began the quest for the Orb.
     0 | D:1      | Reached XP level 1. HP: 17/17 MP: 6/6
   358 | D:1      | Reached XP level 2. HP: 21/23 MP: 7/7
   712 | D:2      | Reached skill level 5 in Spellcasting
   712 | D:2      | Reached XP level 3. HP: 25/28 MP: 6/9
   767 | D:2      | Reached skill level 1 in Invocations
   805 | D:2      | Noticed Sigmund
   864 | D:2      | Reached skill level 1 in Short Blades
   864 | D:2      | Reached skill level 1 in Long Blades
   864 | D:2      | Reached skill level 1 in Axes
   864 | D:2      | Reached skill level 1 in Maces & Flails
   864 | D:2      | Reached skill level 1 in Polearms
   864 | D:2      | Reached skill level 1 in Staves
   864 | D:2      | Reached skill level 1 in Slings
   864 | D:2      | Reached skill level 1 in Bows
   864 | D:2      | Reached skill level 1 in Crossbows
   864 | D:2      | Reached skill level 1 in Throwing
   864 | D:2      | Reached skill level 1 in Armour
   864 | D:2      | Reached skill level 1 in Stealth
   864 | D:2      | Reached skill level 1 in Shields
   864 | D:2      | Reached skill level 1 in Evocations
  1150 | D:2      | Reached XP level 4. HP: 34/34 MP: 9/11
  1221 | D:2      | Noticed Jessica
  1231 | D:2      | Reached skill level 1 in Conjurations
  1231 | D:2      | Reached skill level 1 in Hexes
  1231 | D:2      | Reached skill level 1 in Charms
  1231 | D:2      | Reached skill level 1 in Summonings
  1231 | D:2      | Reached skill level 1 in Necromancy
  1231 | D:2      | Reached skill level 1 in Translocations
  1231 | D:2      | Reached skill level 1 in Fire Magic
  1231 | D:2      | Reached skill level 1 in Ice Magic
  1231 | D:2      | Reached skill level 1 in Air Magic
  1231 | D:2      | Reached skill level 1 in Earth Magic
  1231 | D:2      | Reached skill level 1 in Poison Magic
  1243 | D:2      | Killed Jessica
  1243 | D:2      | Reached XP level 5. HP: 19/40 MP: 10/12
  1537 | D:2      | Learned a level 2 spell: Sticks to Snakes
  1541 | D:2      | Learned a level 3 spell: Spider Form
  2812 | D:4      | Reached XP level 6. HP: 47/47 MP: 7/13
  2841 | D:4      | Reached skill level 5 in Dodging
  3139 | D:4      | HP: 2/47 [gnoll/spear (5)]
  3142 | D:4      | Reached XP level 7. HP: 13/52 MP: 10/15
  3492 | D:4      | Noticed Natasha
  3510 | D:4      | Killed Natasha
  3666 | D:4      | Noticed Natasha
  3674 | D:4      | Killed Natasha
  3674 | D:4      | Reached skill level 7 in Unarmed Combat
  4088 | D:4      | Found a glowing silver altar of Zin.
  4284 | D:5      | Entered Level 5 of the Dungeon
  4504 | D:5      | Found an ancient bone altar of Kikubaaqudgha.
  4632 | D:5      | Reached XP level 8. HP: 60/60 MP: 13/16
  4956 | D:5      | Found a staircase to the Ecumenical Temple.
  4972 | Temple   | Entered the Ecumenical Temple
  5174 | Temple   | Became a worshipper of Warmaster Okawaru
  5687 | D:6      | Learned a level 5 spell: Blade Hands
  5692 | D:6      | Learned a level 4 spell: Ice Form
  5735 | D:6      | Found a bloodstained altar of Trog.
  5995 | D:6      | Reached * piety under Okawaru
  5998 | D:6      | Found a sacrificial altar of Ru.
  6007 | D:6      | Reached XP level 9. HP: 66/66 MP: 15/18
  6009 | D:6      | Found a radiant altar of Vehumet.
  6012 | D:6      | Found a glowing golden altar of the Shining One.
  6056 | D:6      | Reached skill level 5 in Transmutations
  6310 | D:6      | Noticed Pikel
  6326 | D:6      | Killed Pikel
  6345 | D:6      | Found a shattered altar of Ashenzari.
  6531 | D:7      | Found a glowing silver altar of Zin.
  6598 | D:7      | Reached skill level 5 in Fighting
  6713 | D:7      | Found a stormy altar of Qazlal.
  7019 | D:7      | Found a runed door.
  7186 | D:7      | Reached skill level 8 in Unarmed Combat
  7272 | D:7      | Noticed Crazy Yiuf
  7276 | D:7      | Killed Crazy Yiuf
  7396 | D:8      | Reached ** piety under Okawaru
  7424 | D:8      | Found a shimmering altar of Xom.
  7427 | D:8      | Found a shimmering altar of Xom.
  7427 | D:8      | Found a shimmering altar of Xom.
  7440 | D:8      | Reached skill level 5 in Invocations
  7611 | D:8      | Reached XP level 10. HP: 74/74 MP: 17/20
  7702 | D:8      | Found an opulent altar of Gozag.
  7753 | D:8      | Noticed a cyclops
  7758 | D:8      | Noticed a harpy
  7907 | D:8      | Noticed a two-headed ogre
  7920 | D:8      | Killed a two-headed ogre
  7920 | D:8      | Reached *** piety under Okawaru
  7920 | D:8      | Reached skill level 5 in Short Blades
  7920 | D:8      | Reached skill level 5 in Long Blades
  7920 | D:8      | Reached skill level 5 in Axes
  7920 | D:8      | Reached skill level 5 in Maces & Flails
  7920 | D:8      | Reached skill level 5 in Polearms
  7920 | D:8      | Reached skill level 5 in Staves
  7920 | D:8      | Reached skill level 5 in Slings
  7920 | D:8      | Reached skill level 5 in Bows
  7920 | D:8      | Reached skill level 5 in Crossbows
  7920 | D:8      | Reached skill level 5 in Throwing
  7920 | D:8      | Reached skill level 5 in Armour
  7920 | D:8      | Reached skill level 5 in Stealth
  7920 | D:8      | Reached skill level 5 in Shields
  7920 | D:8      | Reached skill level 5 in Evocations
  8521 | D:9      | Reached skill level 5 in Hexes
  8892 | D:9      | Noticed a two-headed ogre
  8916 | D:9      | Killed a two-headed ogre
  8916 | D:9      | Reached **** piety under Okawaru
  9495 | D:9      | Received a gift from Okawaru
  9495 | D:9      | Reached XP level 11. HP: 82/82 MP: 18/22
  9752 | D:10     | Entered Level 10 of the Dungeon
  9767 | D:10     | Noticed a two-headed ogre
  9770 | D:10     | Noticed a two-headed ogre
  9773 | D:10     | Killed a two-headed ogre
  9783 | D:10     | Noticed a two-headed ogre
  9791 | D:10     | Killed a two-headed ogre
  9791 | D:10     | Reached skill level 9 in Unarmed Combat
 10045 | D:10     | Reached skill level 5 in Conjurations
 10045 | D:10     | Reached skill level 5 in Charms
 10045 | D:10     | Reached skill level 5 in Summonings
 10045 | D:10     | Reached skill level 5 in Necromancy
 10045 | D:10     | Reached skill level 5 in Translocations
 10045 | D:10     | Reached skill level 5 in Fire Magic
 10045 | D:10     | Reached skill level 5 in Ice Magic
 10045 | D:10     | Reached skill level 5 in Air Magic
 10045 | D:10     | Reached skill level 5 in Earth Magic
 10045 | D:10     | Reached skill level 5 in Poison Magic
 10110 | D:10     | Killed a two-headed ogre
 10110 | D:10     | Received a gift from Okawaru
 10110 | D:10     | Reached ***** piety under Okawaru
 11011 | D:10     | Got a heavily runed cloak
 11040 | D:10     | Received a gift from Okawaru
 11242 | D:11     | Identified the +1 cloak of Vaps {rElec Regen+} (You found it on level 10 of the Dungeon)
 11266 | D:11     | Found a staircase to the Orcish Mines.
 11357 | D:11     | Noticed a death yak
 11359 | D:11     | Found a staircase to the Lair.
 11360 | D:11     | Noticed a death yak
 11446 | D:11     | Noticed a death yak
 11448 | D:11     | Noticed Nergalle
 11450 | D:11     | Noticed a spectral orc warlord
 11609 | D:10     | Killed a death yak
 11725 | D:11     | Noticed a cyan ugly thing
 11734 | D:11     | Killed a cyan ugly thing
 11747 | D:10     | Killed a death yak
 11747 | D:10     | Received a gift from Okawaru
 11852 | D:10     | Killed a death yak
 11852 | D:10     | Reached XP level 12. HP: 53/91 MP: 17/24
 11923 | D:11     | Killed Nergalle
 12131 | D:11     | Found Coxav's Distillery.
 12163 | D:11     | Bought a potion of degeneration for 13 gold pieces
 12163 | D:11     | Bought a potion of heal wounds for 65 gold pieces
 12388 | D:11     | Received a gift from Okawaru
 12658 | D:11     | Noticed Snorg
 12675 | D:11     | Killed Snorg
 13058 | Lair:1   | Entered Level 1 of the Lair of Beasts
 13165 | Lair:1   | Reached ****** piety under Okawaru
 13257 | Lair:1   | Noticed Gastronok
 13271 | Lair:1   | Killed Gastronok
 13271 | Lair:1   | Reached skill level 10 in Unarmed Combat
 13707 | Lair:1   | Noticed Joseph
 13719 | Lair:1   | Killed Joseph
 13733 | Lair:1   | Reached XP level 13. HP: 96/98 MP: 21/26
 13747 | Lair:1   | Received a gift from Okawaru
 14174 | Lair:2   | Identified a scroll of acquirement
 14175 | Lair:2   | Got a glittering lapis lazuli ring
 14177 | Lair:2   | Identified the ring of Attitude {Ice Int+4 SInv} (You acquired it on level 2 of the Lair of Beasts)
 14361 | Lair:2   | Got a smoking wooden ring
 14996 | Lair:3   | Found a labyrinth entrance.
 15156 | Lair:3   | Found a staircase to the Shoals.
 15281 | Lab      | Entered a labyrinth
 15745 | Lab      | Noticed a minotaur
 15752 | Lab      | Killed a minotaur
 15789 | Lab      | Identified the ring of Internal Strife {+Blink rPois rF++ Int-4 Stlth-} (You found it on level 2 of the Lair of Beasts)
 16009 | Lab      | Got a jewelled flail
 16022 | Lab      | Identified the +7 flail "Jiat" {crush, +Inv rF+ rC- Stlth+} (You found it in a labyrinth)
 16571 | Lair:1   | Learned a level 5 spell: Lee's Rapid Deconstruction
 16577 | Lair:1   | Learned a level 5 spell: Yara's Violent Unravelling
 16722 | Lair:4   | Found a hole to the Spider Nest.
 17920 | Lair:5   | Found a staircase to the Slime Pits.
 18566 | Lair:6   | Entered Level 6 of the Lair of Beasts
 18752 | Lair:5   | Received a gift from Okawaru
 19019 | Lair:5   | Received a gift from Okawaru
 19168 | Lair:5   | HP: 5/101 [poisoned by a sea snake]
 19171 | Lair:5   | Slain by a sea snake

Skill      XL: |  1  2  3  4  5  6  7  8  9 10 11 12 13 |
---------------+----------------------------------------+-----
Spellcasting   | 5 6 7 8 9 |  9.9
Invocations    | 1 2 3 4 5 6 7 8 9 |  9.3
Short Blades   | 1 2 3 4 5 6 7 8 |  8.5
Long Blades    | 1 2 3 4 5 6 7 8 |  8.5
Axes           | 1 2 3 4 5 6 7 8 |  8.5
Maces & Flails | 1 2 3 4 5 6 7 9 |  9.0
Polearms       | 1 2 3 4 5 6 7 8 |  8.5
Staves         | 1 2 3 4 5 6 7 8 |  8.5
Slings         | 1 2 3 4 5 6 7 8 |  8.5
Bows           | 1 2 3 4 5 6 7 8 |  8.5
Crossbows      | 1 2 3 4 5 6 7 8 |  8.5
Throwing       | 1 2 3 4 5 6 7 8 |  8.5
Armour         | 1 2 3 4 5 6 7 8 |  8.5
Stealth        | 1 2 3 4 5 6 7 8 |  8.5
Shields        | 1 2 3 4 5 6 7 8 |  8.5
Evocations     | 1 2 3 4 5 6 7 8 |  8.5
Conjurations   | 1 2 3 4 5 6 7 |  7.1
Hexes          | 1 2 3 4 5 7 8 9 |  9.4
Charms         | 1 2 3 4 5 6 7 |  7.1
Summonings     | 1 2 3 4 5 6 7 |  7.1
Necromancy     | 1 2 3 4 5 6 7 |  7.1
Translocations | 1 2 3 4 5 6 7 |  7.1
Fire Magic     | 1 2 3 4 5 6 7 |  7.1
Ice Magic      | 1 2 3 4 5 6 7 |  7.1
Air Magic      | 1 2 3 4 5 6 7 |  7.1
Earth Magic    | 1 2 3 4 5 6 7 |  7.1
Poison Magic   | 1 2 3 4 5 6 7 |  7.1
Fighting       | 3 4 5 6 7 8 9 |  9.0
Transmutations | 4 5 6 7 8 |  8.1
Dodging        | 5 6 7 8 9 |  9.7
Unarmed Combat | 7 8 9 10 | 10.7

Action                   |  1- 3 |  4- 6 |  7- 9 | 10-12 | 13-15 || total
-------------------------+-------+-------+-------+-------+-------++-------
Melee: Unarmed           |    90 |   114 |   215 |   403 |   222 ||  1044
       Kick              |    10 |     8 |       |       |       ||    18
       Bite              |     7 |    10 |     8 |    39 |    25 ||    89
       Short sword       |       |    61 |    57 |    96 |    27 ||   241
       Punch             |       |       |     1 |    12 |    10 ||    23
       Flail             |       |       |       |       |    30 ||    30
 Cast: Beastly Appendage |    10 |     8 |       |       |       ||    18
       Spider Form       |       |     9 |    18 |     1 |     2 ||    30
       Sticks to Snakes  |       |     2 |     1 |       |       ||     3
       Ice Form          |       |       |    13 |    23 |     8 ||    44
       Blade Hands       |       |       |     1 |    26 |    23 ||    50
       Lee's Rapid Decon |       |       |       |       |     3 ||     3
       Yara's Violent Un |       |       |       |       |     1 ||     1
Invok: Heroism           |       |       |       |    11 |     6 ||    17
Evoke: Wand              |       |       |       |     4 |       ||     4
  Use: Scroll            |     3 |       |     5 |    12 |     8 ||    28
       Potion            |     2 |     1 |       |     1 |     2 ||     6
 Stab: Sleeping          |     1 |     4 |    12 |    12 |    12 ||    41
       Distracted        |       |       |     2 |     1 |       ||     3
  Eat: Chunk             |       |     8 |    11 |    20 |    18 ||    57
       Ration            |       |       |     2 |     3 |     2 ||     7
Armor: Robe              |    12 |    38 |     5 |    16 |       ||    71
       Skin              |       |     3 |    28 |    50 |    29 ||   110
       Troll leather arm |       |       |       |     6 |    61 ||    67
Dodge: Dodged            |    54 |   108 |   181 |   352 |   304 ||   999
Block: Buckler           |     7 |    33 |     8 |    25 |    24 ||    97
